 Dungeon Crawl Stone Soup version 0.31.0-11-ge490571c62 (webtiles) character file.

Game seed: 3534237925395393078

28 Buffagor the Insei (level 3, -3/26 HPs)
             Began as a Merfolk Shapeshifter on Feb 10, 2024.
             Was a Believer of Fedhas.
             Slain by Sigmund
             ... wielding a +3 scythe of distortion
              (15 damage)
             ... on level 2 of the Dungeon.
             The game lasted 00:03:52 (1432 turns).

Buffagor the Insei (Merfolk Shapeshifter)           Turns: 1432, Time: 00:03:53

Health: -3/26      AC:  2    Str: 14    XL:     3   Next: 12%
Magic:  3/3        EV: 12    Int:  9    God:    Fedhas [**....]
Gold:   54         SH:  0    Dex: 15    Spells: 2/2 levels left

rFire   . .          .
                       - Unarmed
rCold   . . .        (no shield)
rNeg    . . .        a - +0 animal skin
rPois   .            (helmet currently unavailable)
rElec   .            (cloak currently unavailable)
rCorr   .            (gloves currently unavailable)
SInv    .            (boots currently unavailable)
Will    .....        (no amulet)
Stlth   +            (no ring)
HPRegen 0.24/turn    (no ring)
MPRegen 0.08/turn

%: no passive effects
@: beast-form
A: beast (slay +2), (nimble swimmer 2), mertail
a: Begin Untransformation, Renounce Religion, Wall of Briars


You were on level 2 of the Dungeon.
You worshipped Fedhas.
Fedhas was pleased with you.
You were a hulking beast.
You visited 1 branch of the dungeon, and saw 2 of its levels.

You collected 54 gold pieces.

Inventory:

Missiles
 i - 2 poisoned darts
Armour
 a - a +0 animal skin (worn)
Jewellery
 m - a +6 ring of intelligence
 p - an amulet of the acrobat
Talismans
 c - a beast talisman
 d - a flux talisman
 r - a serpent talisman
Scrolls
 e - 2 scrolls of blinking {unknown}
 f - a scroll of enchant weapon {unknown}
 k - a scroll of teleportation {unknown}
 q - 2 scrolls of identify {unknown}
 s - a scroll of fog {unknown}
Potions
 b - a potion of lignification
 g - a potion of mutation {unknown}
 h - a potion of berserk rage {unknown}
 j - 3 potions of heal wounds {unknown}
 l - a potion of curing {unknown}
 n - a potion of brilliance {unknown}
 o - 2 potions of magic {unknown}
 t - a potion of attraction {unknown}


   Skills:
 - Level 1.1 Fighting
 - Level 2.6 Dodging
 + Level 4.6 Unarmed Combat
 - Level 4.0 Shapeshifting


You had 2 spell levels left.
You didn't know any spells.
Your spell library contained the following spells:

 Spells                   Type           Power      Damage    Failure   Level
 Freeze                   Ice            0%         1d3       38%         1
 Sandblast                Erth           0%         2d4       38%         1
 Frozen Ramparts          Ice            0%         1d1       77%         3
 Hailstorm                Conj/Ice       0%         3d5       77%         3
 Passwall                 Erth           0%         N/A       77%         3
 Stone Arrow              Conj/Erth      0%         3d7       77%         3
 Brom's Barrelling Bould  Conj/Erth      0%         2d3       99%         4


Dungeon Overview and Level Annotations

Branches:
Dungeon (2/15)

Altars:
Fedhas

Shops:
D:2 ?

Annotations:
D:2 Sigmund


Innate Abilities, Weirdness & Mutations

You are a hulking beast.
Your limbs bulge with bestial killing power. (Slay +2)
((You are very nimble when in or above water. (Stealth+, EV+, Speed+++)))
Your lower body shifts to a powerful aquatic tail in water.


Message History

The ball python hisses angrily.
You closely miss the ball python. You punch the ball python.
You kill the ball python!
Fedhas appreciates your contribution to the ecosystem.
You can now encircle yourself with summoned briar patches.
You see here a ball python corpse.
Found a book of Geomancy.
A bat comes into view.
You hit the bat.
You kill the bat!
Fedhas appreciates your contribution to the ecosystem.
s - a scroll labelled USELAD IGHOEFU You see here a book of Geomancy.
t - a smoky purple potion Sigmund the Dreaded comes into view.
He is wielding a +3 scythe of distortion.
Sigmund shouts!
Unknown command.
Okay, then.
Unknown command.
Sigmund barely misses you.
You hit Sigmund. Your punch misses Sigmund.
Sigmund is lightly wounded.
Sigmund casts a spell at you. The magic dart hits you.
You hit Sigmund. You punch Sigmund.
Sigmund is heavily wounded.
Sigmund closely misses you.
You hit Sigmund.
Sigmund is severely wounded.
Sigmund hits you with a +3 scythe of distortion!
You hit Sigmund.
Sigmund is almost dead.
You barely miss Sigmund.
Sigmund is almost dead.
Sigmund says, "You will soon forget everything."
Sigmund hits you with a +3 scythe of distortion!
Ouch! That really hurt!
You die...
Sigmund begins carving another notch in his scythe.
Fedhas appreciates your contribution to the ecosystem.

#.# #.######### ######.#
#.# ....##.# #.# ....##.#
#.# .......# #.# ....####
########.# ....####
#........#
.†.....#########.########
#.###...........h#
.......########.@#
#......# #..# ######.#
#..#### #.# ###.....# #.#
......>.. #.# ...###.#
#.# ... #.# #.#####.#.#
#.####


You could see Sigmund.

Vanquished Creatures
  A dart slug (D:1)
  3 endoplasms
  A giant cockroach (D:1)
  5 hobgoblins
  A kobold (D:1)
  2 quokkas
  A ball python (D:2)
  4 bats
  3 frilled lizards (D:1)
  A goblin (D:1)
  3 rats (D:1)
25 creatures vanquished.

Notes
Turn   | Place    | Note
-------+----------+-------------------------------------------
     0 | D:1      | Buffagor the Merfolk Shapeshifter began the quest for the
                  | Orb.
     0 | D:1      | Reached XP level 1. HP: 15/15 MP: 1/1
    35 | D:1      | Found a faded altar of an unknown god.
    98 | D:1      | Prayed at the altar of an unknown god.
    98 | D:1      | Became a worshipper of Fedhas Madash
    98 | D:1      | Reached * piety under Fedhas
   289 | D:1      | Reached XP level 2. HP: 19/21 MP: 2/2
  1054 | D:2      | Found Yhezukk's Magic Scroll Shop.
  1092 | D:2      | Reached XP level 3. HP: 26/26 MP: 3/3
  1263 | D:2      | Reached ** piety under Fedhas
  1425 | D:2      | Noticed Sigmund
  1432 | D:2      | Slain by Sigmund

Illustrated notes

Levels and vault maps discovered:
D:1:      lightli_arrival_isolated_outpost, layout_basic,
          hellmonk_ecumenical_altar_crossroads, minivault_24
D:2:      minmay_wonky_spiral, layout_loops_ring, serial_shops,
          nicolae_shop_tiny_glass, uniq_sigmund

Skill      XL: |  1  2 |
---------------+-------+-----
Unarmed Combat | 4 |  4.6
Fighting       | |  1.1
Dodging        | |  2.6
Shapeshifting  | |  4.0

Action                     || total
---------------------------++-------
  Melee: Unarmed           ||    59
         Punch             ||     3
  Throw: Stone             ||    23
 Armour: Animal skin       ||    23
  Dodge: Dodged            ||    34
